 Dungeon Crawl Stone Soup version 0.31-a0-981-geadf994542 (webtiles) character file.

Game seed: 2293004189754246435

1010 Pixllover the Ruffian (level 8, -2/60 HPs)
             Began as a Gnoll Shapeshifter on Oct 31, 2023.
             Slain by an ice beast (13 damage)
             ... on level 5 of the Dungeon.
             The game lasted 00:07:48 (4742 turns).

Pixllover the Ruffian (Gnoll Shapeshifter)          Turns: 4742, Time: 00:07:49

Health: -2/60      AC:  2    Str: 16    XL:     8   Next: 21%
Magic:  12/12      EV: 14    Int:  9    God:
Gold:   383        SH:  0    Dex: 12    Spells: 13/13 levels left

rFire   . . .        v - melded +10 trident "Cuakek" {heavy, +Blink Will+ Dex+3}
rCold   . . .        (shield currently unavailable)
rNeg    . . .        a - +0 animal skin
rPois   .            (no helmet)
rElec   .            (no cloak)
rCorr   .            (no gloves)
SInv    .            (no boots)
Will    .....        t - amulet of the acrobat
Stlth   +            (no ring)
HPRegen 0.30/turn    (no ring)
MPRegen 0.13/turn

%: acrobat
@: flux-form, glowing
A: glow, contaminating, fangs 1, strong nose, distributed training
a: Begin Untransformation


You were on level 5 of the Dungeon.
You were something dangerously unstable.
You visited 1 branch of the dungeon, and saw 5 of its levels.

You collected 383 gold pieces.

Inventory:

Hand Weapons
 v - the +10 trident "Cuakek" (melded) {heavy, +Blink Will+ Dex+3}
   (You found it on level 4 of the Dungeon)

   Dex+3:     It affects your dexterity (+3).
   Will+:     It increases your willpower.
   +Blink:    It lets you blink.
Missiles
 n - 15 poisoned darts (quivered)
Armour
 a - a +0 animal skin (worn)
Jewellery
 f - a ring of fire
 t - an amulet of the acrobat (around neck)
Talismans
 c - a beast talisman
 d - a flux talisman (active)
Wands
 g - a wand of mindburst (8)
 r - a wand of acid (11)
Scrolls
 h - a scroll of fog {unknown}
 i - a scroll of vulnerability {unknown}
 k - a scroll of teleportation {unknown}
 l - a scroll of noise {unknown}
 m - 3 scrolls of poison {unknown}
 p - a scroll of amnesia {unknown}
 s - 2 scrolls of blinking
 u - a scroll of enchant armour {unknown}
 x - a scroll of torment {unknown}
 y - a scroll of silence {unknown}
Potions
 b - 2 potions of lignification
 e - a potion of brilliance {unknown}
 j - a potion of mutation {unknown}
 o - 2 potions of attraction {unknown}
 q - 3 potions of curing {unknown}
 w - a potion of magic {unknown}


   Skills:
 + Level 4.1 Fighting
 + Level 3.1 Short Blades
 + Level 3.1 Long Blades
 + Level 3.1 Axes
 + Level 3.1 Maces & Flails
 + Level 3.1 Polearms
 + Level 3.1 Staves
 + Level 3.1 Ranged Weapons
 + Level 3.1 Throwing
 + Level 3.1 Armour
 + Level 5.6 Dodging
 + Level 3.1 Stealth
 + Level 3.1 Shields
 + Level 7.3 Unarmed Combat
 + Level 3.1 Spellcasting
 + Level 2.5 Conjurations
 + Level 2.5 Hexes
 + Level 2.5 Summonings
 + Level 2.5 Necromancy
 + Level 2.5 Translocations
 + Level 2.5 Transmutations
 + Level 2.5 Fire Magic
 + Level 2.5 Ice Magic
 + Level 2.5 Air Magic
 + Level 2.5 Earth Magic
 + Level 2.5 Poison Magic
 + Level 3.4 Invocations
 + Level 3.1 Evocations
 + Level 7.1 Shapeshifting


You had 13 spell levels left.
You didn't know any spells.
Your spell library contained the following spells:

 Spells                   Type           Power      Damage    Failure   Level
 Poisonous Vapours        Pois/Air       10%        N/A       16%         2
 Wereblood                Tmut           5%         N/A       16%         2
 Inner Flame              Hex/Fire       5%         N/A       32%         3
 Alistair's Intoxication  Tmut/Pois      3%         N/A       96%         5
 Irradiate                Conj/Tmut      2%         3d12      96%         5
 Ignition                 Fire           2%         3d3       100%        8
 Chain Lightning          Conj/Air       2%         3d3       100%        9
 Fire Storm               Conj/Fire      2%         8d1       100%        9
 Shatter                  Erth           2%         3d6*      100%        9


Dungeon Overview and Level Annotations

Branches:
Dungeon (5/15)
 Temple: D:4-7

Altars:
Ashenzari
Lugonu

Portals:
Abyss: D:4


Innate Abilities, Weirdness & Mutations

You are something dangerously unstable.
You glow with magical radiation, making you easy to see and hit.
Foes you strike become dangerously contaminated with magical radiation.
You are incapable of wielding weapons or throwing items.
You have very sharp teeth.
Your uncanny sense of smell can sniff out nearby items.
Your experience applies equally to all skills.


Message History

You now have 383 gold pieces (gained 5).
Found a dagger.
A white imp comes into view.
The white imp shouts!
The white imp gestures at you. The puff of frost misses you.
An ice beast comes into view.
An ogre comes into view. It is wielding a +0 giant club.
The ogre shouts!
The white imp gestures at you. The puff of frost misses you.
The white imp gestures at you. The puff of frost misses you.
You hit the white imp.
The white imp begins to glow.
The white imp is lightly wounded.
The white imp closely misses you. The ice beast hits you.
The ice beast freezes you.
You hit the white imp.
The white imp glows dangerously bright.
The white imp is heavily wounded.
The white imp misses you. The ice beast barely misses you.
You barely miss the ogre. The white imp hits you. The white imp freezes you.
The ice beast hits you. The ice beast freezes you. The ogre misses you.
You hit the ogre.
The ogre begins to glow.
The ogre is lightly wounded.
The white imp hits you but does no damage.
The ice beast hits you. The ice beast freezes you!
You punch the ogre!
The ogre glows dangerously bright.
The ogre is moderately wounded.
The ogre completely misses you. The ice beast barely misses you.
The white imp barely misses you.
You hit the ogre.
The ogre shudders as magic cascades through it!!
You kill the ogre!
The white imp gestures at you. The puff of frost hits you!
* * * LOW HITPOINT WARNING * * *
The ice beast hits you.
* * * LOW HITPOINT WARNING * * *
The ice beast freezes you!
You die...

#.##...... ##...## ......#.
####.....#### #..###
##.#.......#.## ###....
.#.............#.#....##
......................#
#.............#.#.##.##
#.Y)....# ######... #####
#5p...# ##..####. ##...##
##...## ##....###. #.....#
#.....# ##.....##..
#..#..#####..)####.......#..
####....# ##.####...........
##...###...##............
##....##.###.......##..)
##...#.#...........##...
#<...#..............#...


You could see an ice beast and a white imp (heavy contam).

Vanquished Creatures
  Grinder (D:5)
  Prince Ribbit (D:5)
  An ice beast (D:5)
  2 ogres
  A phantom (D:5)
  An orc priest (D:5)
  2 iguanas
  3 orc wizards
  A gnoll (D:1)
  7 adders
  A worm (D:2)
  A dart slug (D:1)
  20 orcs
  8 ball pythons
  3 endoplasms
  2 giant cockroaches
  3 goblins
  11 hobgoblins
  8 jackals
  6 quokkas
  6 bats
  A frilled lizard (D:1)
  11 kobolds
  8 rats
109 creatures vanquished.

Vanquished Creatures (others)
  A lurking horror (D:4)
1 creature vanquished.

Grand Total: 110 creatures vanquished

Notes
Turn   | Place    | Note
-------+----------+-------------------------------------------
     0 | D:1      | Pixllover the Gnoll Shapeshifter began the quest for the
                  | Orb.
     0 | D:1      | Reached XP level 1. HP: 17/17 MP: 1/1
    61 | D:1      | Reached XP level 2. HP: 23/23 MP: 2/2
   347 | D:1      | Reached XP level 3. HP: 28/28 MP: 3/3
   377 | D:1      | Found a faded altar of an unknown god.
   747 | D:1      | Reached skill level 1 in Invocations
   930 | D:2      | Identified the "Lacer"
  1011 | D:2      | Reached skill level 1 in Short Blades
  1011 | D:2      | Reached skill level 1 in Long Blades
  1011 | D:2      | Reached skill level 1 in Axes
  1011 | D:2      | Reached skill level 1 in Maces & Flails
  1011 | D:2      | Reached skill level 1 in Polearms
  1011 | D:2      | Reached skill level 1 in Staves
  1011 | D:2      | Reached skill level 1 in Ranged Weapons
  1011 | D:2      | Reached skill level 1 in Throwing
  1011 | D:2      | Reached skill level 1 in Armour
  1011 | D:2      | Reached skill level 1 in Stealth
  1011 | D:2      | Reached skill level 1 in Shields
  1011 | D:2      | Reached skill level 1 in Spellcasting
  1011 | D:2      | Reached skill level 1 in Evocations
  1164 | D:2      | Reached XP level 4. HP: 27/34 MP: 5/5
  1455 | D:2      | Reached skill level 1 in Conjurations
  1455 | D:2      | Reached skill level 1 in Hexes
  1455 | D:2      | Reached skill level 1 in Summonings
  1455 | D:2      | Reached skill level 1 in Necromancy
  1455 | D:2      | Reached skill level 1 in Translocations
  1455 | D:2      | Reached skill level 1 in Transmutations
  1455 | D:2      | Reached skill level 1 in Fire Magic
  1455 | D:2      | Reached skill level 1 in Ice Magic
  1455 | D:2      | Reached skill level 1 in Air Magic
  1455 | D:2      | Reached skill level 1 in Earth Magic
  1455 | D:2      | Reached skill level 1 in Poison Magic
  2123 | D:3      | Found a broken altar of Ashenzari.
  2344 | D:3      | Reached XP level 5. HP: 34/40 MP: 6/6
  3102 | D:4      | Found a corrupted altar of Lugonu.
  3107 | D:4      | Found a one-way gate to the infinite horrors of the Abyss.
  3284 | D:4      | Identified the +10 trident "Cuakek" {heavy, +Blink Will+
                  | Dex+3}
  3622 | D:4      | Noticed an ogre
  3626 | D:4      | Reached XP level 6. HP: 47/47 MP: 8/8
  3630 | D:4      | Reached skill level 5 in Dodging
  3975 | D:5      | Entered Level 5 of the Dungeon
  4097 | D:5      | Noticed Prince Ribbit
  4107 | D:5      | Killed Prince Ribbit
  4108 | D:5      | Reached XP level 7. HP: 27/52 MP: 10/10
  4287 | D:5      | Noticed Grinder
  4296 | D:5      | Paralysed by Grinder for 5 turns
  4302 | D:5      | Killed Grinder
  4303 | D:5      | Reached XP level 8. HP: 41/60 MP: 10/12
  4742 | D:5      | Slain by an ice beast

Illustrated notes

Levels and vault maps discovered:
D:1:      minmay_arrival_up_and_down, layout_basic,
          dreamdust_ecumenical_altar_sealed_demon
D:2:      layout_loops_ring, kennysheep_another_room, minmay_gold_behind_fungi
D:3:      layout_loops_cross, nicolae_ashenzari_skybound
D:4:      layout_basic, nicolae_eternal_life, small_statue_alley_b, st_stairs_8,
          amcnicky_altar_lugonu_corruption
D:5:      wander_river, layout_cave_pools, nicolae_figureground_sparkle,
          uniq_grinder, uniq_prince_ribbit1

Skill      XL: |  1  2  3  4  5  6  7  8 |
---------------+-------------------------+-----
Invocations    | 1 2 3 |  3.4
Short Blades   | 1 2 3 |  3.1
Long Blades    | 1 2 3 |  3.1
Axes           | 1 2 3 |  3.1
Maces & Flails | 1 2 3 |  3.1
Polearms       | 1 2 3 |  3.1
Staves         | 1 2 3 |  3.1
Ranged Weapons | 1 2 3 |  3.1
Throwing       | 1 2 3 |  3.1
Armour         | 1 2 3 |  3.1
Stealth        | 1 2 3 |  3.1
Shields        | 1 2 3 |  3.1
Spellcasting   | 1 2 3 |  3.1
Evocations     | 1 2 3 |  3.1
Conjurations   | 1 2 |  2.5
Hexes          | 1 2 |  2.5
Summonings     | 1 2 |  2.5
Necromancy     | 1 2 |  2.5
Translocations | 1 2 |  2.5
Transmutations | 1 2 |  2.5
Fire Magic     | 1 2 |  2.5
Ice Magic      | 1 2 |  2.5
Air Magic      | 1 2 |  2.5
Earth Magic    | 1 2 |  2.5
Poison Magic   | 1 2 |  2.5
Fighting       | 3 4 |  4.1
Dodging        | 5 |  5.6
Unarmed Combat | 7 |  7.3
Shapeshifting  | 7 |  7.1

Action                     |  1- 3 |  4- 6 |  7- 9 || total
---------------------------+-------+-------+-------++-------
  Melee: Unarmed           |    77 |    81 |    25 ||   183
         Bite              |     4 |     7 |     2 ||    13
         Punch             |     1 |     3 |       ||     4
         Trident           |       |    50 |    12 ||    62
    Use: Scroll            |       |     2 |       ||     2
   Stab: Sleeping          |     1 |     4 |       ||     5
 Armour: Animal skin       |    33 |    65 |    22 ||   120
  Dodge: Dodged            |    51 |   105 |    25 ||   181
   Form: Flux              |       |       |     1 ||     1

Table legend: (Time is in decaauts)
 A = Elapsed time spent in this place.
 B = Non-inter-level travel time spent in this place.
 C = Inter-level travel time spent in this place.
 D = Time resting spent in this place.
 E = Time spent auto-exploring this place.
 F = Levels seen in this place.
 G = Mean time per level.
                   A        B        C        D        E       F      G
               +--------+--------+--------+--------+--------+-----+--------+
         Total |   4781 |   4702 |     79 |    737 |   2701 |   5 |  956.2 |
       Dungeon |   4781 |   4702 |     79 |    737 |   2701 |   5 |  956.2 |
               +--------+--------+--------+--------+--------+-----+--------+

Top non-repeatable levels by time:
     D:4: 1241 daAuts
     D:2: 964 daAuts
     D:1: 923 daAuts
     D:3: 855 daAuts
     D:5: 795 daAuts
